 Dungeon Crawl Stone Soup version 0.25-a0-62-g88673ef095 (webtiles) character file.

Game seed: 17364665044567699732, levelgen mode: deterministic

112910 zhudz the Cleaver (level 16, -24/134 HPs)
             Began as a Ghoul Necromancer on Oct 18, 2019.
             Was an Elder of Kikubaaqudgha.
             Killed from afar by an iron dragon (53 damage)
             ... with a spray of metal splinters
             ... on level 4 of the Depths on Dec 11, 2019.
             The game lasted 07:26:58 (27361 turns).

zhudz the Cleaver (Ghoul Necromancer)              Turns: 27361, Time: 07:27:01

Health: -24/134    AC: 21    Str: 14    XL:     16   Next: 61%
Magic:  13/21      EV: 18    Int: 12    God:    Kikubaaqudgha [****..]
Gold:   814        SH:  0    Dex:  9    Spells: 4/21 levels left

rFire    + + .     SeeInvis .   b - +8 battleaxe (elec)
rCold    + . .     Gourm    .   (shield currently unavailable)
rNeg     + + +     Faith    .   F - +2 ring mail {rF+}
rPois    ∞         Spirit   .   h - +2 helmet of the Pink Corner {*Drain rPois Int+2}
rElec    .         Reflect  .   y - +0 cloak
rCorr    +         Harm     .   T - +5 pair of gloves of Polish {MR+ rCorr Int-5}
MR       ++...                  l - +2 pair of boots
Stlth    +.........             Y - amulet of the acrobat
HPRegen  0.00/turn              f - ring of protection from fire
MPRegen  0.17/turn              e - +6 ring of evasion

@: regenerating (expiring), rotting
A: rotting body, claws 1, carnivore, cold resistance 1, negative energy
resistance 3, inhibited regeneration, torment resistance, unbreathing
a: Receive Corpses, Renounce Religion


You were on level 4 of the Depths.
You worshipped Kikubaaqudgha.
Kikubaaqudgha was greatly pleased with you.
You were not hungry.

You visited 3 branches of the dungeon, and saw 20 of its levels.
You also visited: Bailey and Gauntlet.

You collected 1501 gold pieces.
You spent 687 gold pieces at shops.

Inventory:

Hand Weapons
 a - a +1 halberd of protection
 b - a +8 battleaxe of electrocution (weapon)
 V - a +2 shortbow of freezing
Missiles
 i - 17 boomerangs (quivered)
 k - 17 javelins
 r - 108 poisoned darts
 J - 415 arrows
 M - 10 throwing nets
Armour
 h - the +2 helmet of the Pink Corner (worn) {*Drain rPois Int+2}
   (You found it in a Gauntlet)

   It affects your intelligence (+2).
   It protects you from poison.
   It causes draining when unequipped.
 l - a +2 pair of boots (worn)
 y - a +0 cloak (worn)
 F - a +2 ring mail of fire resistance (worn)
 T - the +5 pair of gloves of Polish (worn) {MR+ rCorr Int-5}
   (You found it in a bailey)

   It affects your intelligence (-5).
   It affects your resistance to hostile enchantments.
   It provides partial protection from all sources of acid and corrosion.
Magical Staves
 z - an uncursed staff of death
 N - an uncursed staff of energy
Jewellery
 c - an uncursed ring of protection from cold
 e - a +6 ring of evasion (right hand)
 f - a ring of protection from fire (left hand)
 v - a +4 ring of slaying
 L - an uncursed ring of see invisible
 Y - an amulet of the acrobat (around neck)
Wands
 u - a wand of clouds (1)
 x - a wand of paralysis (17)
 G - a wand of polymorph (19)
 P - a wand of acid (13)
 X - a wand of digging (5)
 Z - a wand of iceblast (9)
Scrolls
 g - a scroll of fear
 p - a scroll of torment
 q - a scroll of brand weapon
 w - a scroll of teleportation
 C - 2 scrolls of magic mapping
 E - 4 scrolls of remove curse
 Q - a scroll of acquirement {unknown}
 W - a scroll of fog
Potions
 d - 2 potions of haste
 m - 5 potions of heal wounds
 o - a potion of ambrosia
 s - 2 potions of cancellation
 A - 3 potions of invisibility
 B - 2 potions of magic
 H - 2 potions of resistance
 I - 2 potions of might
 O - 5 potions of brilliance
 R - 7 potions of curing
 U - 4 potions of agility
Miscellaneous
 n - a lamp of fire
 t - a phial of floods (inert)
 D - a phantom mirror
 S - a lightning rod (4/4)
Comestibles
 j - 30 rations


   Skills:
 - Level 10.0 Fighting
 * Level 13.2(14.8) Axes
 - Level 11.9(14.2) Polearms
 - Level 0.7 Bows
 - Level 5.0 Throwing
 - Level 4.5 Armour
 - Level 4.0 Dodging
 - Level 2.1 Stealth
 - Level 3.0 Spellcasting
 - Level 5.0 Charms
 - Level 4.1 Summonings
 - Level 13.0 Necromancy
 - Level 5.0 Air Magic
 + Level 8.7 Evocations


You had 4 spell levels left.
You knew the following spells:

 Your Spells              Type           Power        Failure   Level  Hunger
a - Animate Skeleton      Necr           N/A          1%          1    #......
b - Vampiric Draining     Necr           ####......   1%          3    ###....
c - Corpse Rot            Necr           N/A          1%          2    ###....
d - Animate Dead          Necr           N/A          2%          4    #####..
e - Summon Butterflies    Summ           ##......     9%          1    #......
p - Pain                  Necr           ####         1%          1    #......
r - Regeneration          Chrm/Necr      ###.......   3%          3    ###....
s - Swiftness             Chrm/Air       ##......     9%          2    ###....

Your spell library contained the following spells:

 Spells                   Type           Power        Failure   Level  Hunger
 Shock                    Conj/Air       #...         17%         1    #......
 Poisonous Vapours        Pois/Air       #.....       26%         2    ###....
 Call Canine Familiar     Summ           ##......     26%         3    ###....
 Confusing Touch          Hex            #.....       43%         1    #......
 Sandblast                Erth           #.....       43%         1    #......
 Sting                    Conj/Pois      #...         43%         1    #......
 Static Discharge         Conj/Air       #.......     45%         3    ###....
 Airstrike                Air            ##........   52%         4    #####..
 Passwall                 Tmut/Erth      #.......     56%         2    ###....
 Mephitic Cloud           Conj/Pois/Air  #.......     56%         3    ###....
 Confuse                  Hex            #.......     80%         3    ###....
 Gell's Gravitas          Tloc           #.........   80%         3    ###....
 Stone Arrow              Conj/Erth      #.....       80%         3    ###....
 Summon Ice Beast         Ice/Summ       #.......     90%         4    #####..
 Olgreb's Toxic Radiance  Pois           #.......     99%         4    #####..
 Petrify                  Tmut/Erth      #.......     99%         4    #####..
 Dispel Undead            Necr           ####....     6%          5    ######.
 Excruciating Wounds      Chrm/Necr      ###.......   32%         5    ######.
 Death Channel            Necr           ####......   34%         6    #######
 Borgnjor's Vile Clutch   Necr/Erth      ###.......   65%         5    ######.
 Lightning Bolt           Conj/Air       #.........   99%         5    ######.
 Summon Mana Viper        Hex/Summ       #.......     99%         5    ######.
 Simulacrum               Ice/Necr       ###.......   99%         6    #######
 Lee's Rapid Deconstruct  Erth           #.........   100%        5    ######.
 Metabolic Englaciation   Hex/Ice        #.........   100%        5    ######.
 Venom Bolt               Conj/Pois      #.........   100%        5    ######.
 Yara's Violent Unravell  Hex/Tmut       #.........   100%        5    ######.
 Summon Hydra             Summ           ##........   100%        7    #######


Dungeon Overview and Level Annotations

Branches:
Dungeon (15/15)            Temple (1/1) D:4            Lair (0/6) D:9
    Orc (0/2) D:12         Vaults (0/5) D:13         Depths (4/5) D:15
 Bailey (visited)         Gauntlet (visited)

Altars:
Ashenzari
Cheibriados
Dithmenos
Elyvilon
Fedhas
Gozag
Hepliaklqana
Kikubaaqudgha
Makhleb
Nemelex Xobeh
Okawaru
Qazlal
Ru
Sif Muna
Trog
Uskayaw
Vehumet
Wu Jian
Xom
Yredelemnul
Zin
The Shining One
Beogh
Lugonu

Shops:
D:5 !   D:8 *   Depths:2 [   Depths:3 =}}:

Portals:
Hell: Depths:1 Depths:2 Depths:3 Depths:4
Abyss: Depths:2 Depths:4
Pandemonium: Depths:1 Depths:3

Annotations:
D:3 1 runed translucent door, exclusion: door, Crazy Yiuf
D:5 3 runed translucent doors, exclusion: 3 doors, Conn's ghost, novice OpFE
D:9 exclusion: downstairs
D:12 exclusion: downstairs
D:13 exclusion: downstairs
D:14 exclusion: downstairs
Depths:2 exclusions: 3 doors and downstairs
Depths:3 2 transporters, exclusions: downstairs, great orb of eyes and 1 more exclusion


Innate Abilities, Weirdness & Mutations

Your body is rotting away.
You thrive on raw meat.
You are immune to poison.
You have sharp fingernails.
You are carnivorous and can eat meat at any time.
Your flesh is cold resistant. (rC+)
You are immune to negative energy. (rN+++)
You do not regenerate when monsters are visible.
You are immune to unholy pain and torment.
You can survive without breathing.


Message History

The iron dragon is almost dead.
The iron dragon misses you. The iron dragon claws you.
The iron dragon tramples you!
You stumble backwards!
Your hell knight skeleton hits the iron dragon but does no damage.
You closely miss the iron dragon.
The iron dragon is almost dead.
Your skin is crawling a little less now.
The iron dragon bites you but does no damage.
The iron dragon claws you!
* * * LOW HITPOINT WARNING * * *
The iron dragon tramples you!
* * * LOW HITPOINT WARNING * * *
You hold your ground!
You hit the iron dragon but do no damage.
The iron dragon is almost dead.
Your hell knight skeleton hits the iron dragon but does no damage.
The iron dragon breathes metal splinters at you.
The spray of metal splinters hits you!!!
You die...
Kikubaaqudgha rasps: "You have failed me!
Welcome... oblivion!"

#..............##.....
#..............##.....
#......#..#....###....
#................###..
#....#......#...##....
#........[.....###Z#.
#.............###Z.##
#...#......#..# #...#
#...@....)....# #....
##..DZ#..#....###!..#
#..........#.......#
##.##....####......#
#.##########.##..##
#.# #....#.##. #.#
###..###.. #......#
####.... ##.....#
###<#


You could see an iron dragon and a friendly hell knight skeleton.

Vanquished Creatures
  Rupert (D:15)
  A fire giant (Depths:2)
  A ghost moth (Depths:3)
  4 very ugly things
  5 stone giants
  A minotaur (Gauntlet)
  A deep elf death mage (Depths:2)
  6 spark wasps
  A jiangshi (Depths:2)
  2 yaktaur captains
  4 great orbs of eyes
  A fire dragon (Depths:3)
  A rakshasa (Depths:1)
  A hydra (D:11)
  A spriggan air mage (Depths:3)
  3 vault guards (D:13)
  4 ice dragons
  Harold (D:7)
  6 centaur warriors
  6 two-headed ogres
  A deep troll shaman (Depths:2)
  2 tengu warriors (Depths:2)
  2 deep troll earth magi (Depths:2)
  A vampire mage (Depths:2)
  A hell knight (Depths:4)
  A flayed ghost (Depths:3)
  A deep troll (Depths:2)
  4 unseen horrors
  2 wizards
  3 necromancers
  A wolf spider (D:14)
  A golden dragon skeleton (Depths:2)
  6 deep elf magi
  2 cyclopes
  21 ugly things
  2 centaur zombies
  A water nymph (shapeshifter) (Depths:2)
  A redback zombie (D:15)
  A komodo dragon (shapeshifter) (D:12)
  2 komodo dragons (D:14)
  2 tengu conjurers
  4 yaktaurs
  3 trolls
  2 meliai (D:14)
  10 slime creatures
  A frost giant simulacrum (Depths:2)
  A spectral black mamba (Gauntlet)
  2 hippogriffs
  A centaur simulacrum (D:15)
  A shadow (D:15)
  2 vampires
  4 wyverns
  17 yaks
  3 wraiths
  2 basilisks (D:11)
  A steam dragon (D:9)
  3 hungry ghosts
  6 vampire mosquitoes
  2 soldier ants (D:15)
  3 acid dragons
  A porcupine (D:9)
  Duvessa (D:6)
  A water moccasin (D:9)
  2 black bears
  3 eyes of draining
  2 ice beasts
  4 sky beasts
  14 orc warriors
  A phantom (D:8)
  4 wolves (Gauntlet)
  A necrophage (D:11)
  8 centaurs
  4 boggarts
  6 ogres
  Blork the orc (D:6)
  12 bullfrogs
  8 gnoll sergeants (Bailey)
  Dowan (D:6)
  A wyvern skeleton (D:11)
  A scorpion (D:5)
  7 killer bees
  12 wights
  2 howler monkeys
  8 crimson imps
  A bullfrog zombie (D:6)
  11 hounds
  6 gnoll shamans (Bailey)
  6 jellies
  4 centaur skeletons
  5 orc priests
  10 orc wizards
  3 bullfrog skeletons
  3 iguanas
  11 worker ants
  A worker ant zombie (D:9)
  21 gnolls
  10 adders
  5 shadow imps
  8 oozes
  An adder zombie (D:7)
  2 worms
  A dart slug (D:2)
  6 leopard geckos
  57 orcs
  3 ball pythons
  5 giant cockroaches
  5 goblins
  7 hobgoblins
  7 jackals
  8 kobolds
  2 quokkas
  6 bats
  A jackal zombie (D:8)
  8 rats
506 creatures vanquished.

Vanquished Creatures (collateral kills)
  An ancient lich (Depths:2)
  A lich (Depths:1)
  2 frost giants
  A juggernaut skeleton (Depths:2)
  4 very ugly things (Depths:1)
  3 stone giants
  A spark wasp (Depths:3)
  A deep elf death mage (Depths:2)
  An ettin (Depths:1)
  2 fire dragons (Depths:1)
  A jiangshi (Depths:2)
  A vault guard (D:13)
  5 ice dragons
  2 centaur warriors
  A rakshasa (Depths:2)
  6 two-headed ogres
  A tengu warrior (Depths:1)
  An ogre mage (Depths:2)
  2 hell knights (Depths:4)
  A deep troll (Depths:2)
  3 wizards
  A necromancer (Depths:4)
  2 cyclopes
  7 ugly things
  A manticore (D:15)
  A guardian serpent (shapeshifter) (Depths:1)
  2 gargoyles
  5 yaktaurs
  A troll (D:13)
  A tengu conjurer (Depths:1)
  A slime creature (D:12)
  A meliai (D:14)
  A stone giant simulacrum (Depths:2)
  A hippogriff (D:14)
  A wyvern (D:14)
  A yak (D:12)
  An ice beast (D:9)
  A black bear (D:9)
  3 ogres
  An orc warrior (D:9)
  An eye of draining (shapeshifter) (Depths:2)
  2 boggarts (Depths:1)
  A water moccasin zombie (D:9)
  A killer bee (D:10)
  2 wights (D:14)
  A crimson imp (D:11)
  A jelly (D:9)
  3 orc priests
  An iguana (D:11)
  2 worker ants
  3 adders
  3 shadow imps (Gauntlet)
  A white imp (Gauntlet)
  An ooze (D:8)
  2 adder skeletons (D:4)
  A dart slug (D:1)
  5 orcs
  A goblin (D:1)
  A hobgoblin (D:3)
  2 jackals (D:3)
  2 kobolds (D:3)
  A quokka (D:3)
  2 fungi (D:9)
  A plant (D:9)
115 creatures vanquished.

Vanquished Creatures (others)
  A centaur warrior (D:15)
  A yaktaur (Depths:2)
  A boggart (Depths:2)
  A crimson imp (D:13)
  7 fungi (Gauntlet)
  9 plants
20 creatures vanquished.

Grand Total: 641 creatures vanquished

Notes
Turn   | Place    | Note
-------+----------+-------------------------------------------
     0 | D:1      | zhudz the Ghoul Necromancer began the quest for the Orb.
     0 | D:1      | Reached XP level 1. HP: 14/14 MP: 2/2
     2 | D:1      | Learned a level 1 spell: Animate Skeleton
   241 | D:1      | Reached XP level 2. HP: 20/20 MP: 0/3
   575 | D:2      | Reached XP level 3. HP: 24/26 MP: 0/5
   581 | D:2      | Learned a level 3 spell: Vampiric Draining
   721 | D:2      | Found a basalt altar of Yredelemnul.
   962 | D:2      | Reached skill level 1 in Polearms
  1048 | D:2      | Noticed a bullfrog
  1337 | D:2      | Found an opulent altar of Gozag.
  1573 | D:2      | Reached skill level 5 in Necromancy
  1800 | D:3      | Found a runed translucent door.
  1801 | D:3      | Noticed Crazy Yiuf
  1851 | D:3      | Reached XP level 4. HP: 29/31 MP: 3/6
  2614 | D:3      | Reached XP level 5. HP: 28/38 MP: 1/7
  3224 | D:3      | Reached skill level 1 in Fighting
  3500 | D:4      | Reached XP level 6. HP: 37/47 MP: 6/8
  3612 | D:4      | Learned a level 3 spell: Regeneration
  3700 | D:4      | Found a staircase to the Ecumenical Temple.
  3741 | Temple   | Entered the Ecumenical Temple
  3831 | Temple   | Became a worshipper of Kikubaaqudgha
  4086 | D:4      | Reached XP level 7. HP: 38/51 MP: 2/9
  4124 | D:4      | Found a sparkling altar of Nemelex Xobeh.
  4126 | D:4      | Found a shattered altar of Ashenzari.
  4459 | D:5      | Entered Level 5 of the Dungeon
  4459 | D:5      | Found Pehosup's Distillery.
  4554 | D:5      | Found a runed translucent gate.
  4554 | D:5      | Found a runed translucent gate.
  4555 | D:5      | Found a runed translucent gate.
  4555 | D:5      | Noticed Conn's ghost (novice OpFE)
  4557 | D:5      | Noticed a troll
  4682 | D:5      | Found a hide-covered altar of Uskayaw.
  4801 | D:5      | Found a radiant altar of Vehumet.
  4980 | D:5      | Found a shimmering altar of Xom.
  4980 | D:5      | Found a burning altar of Makhleb.
  5046 | D:6      | Reached * piety under Kikubaaqudgha
  5046 | D:6      | Identified Kikubaaqudgha's Guide on Dark Magic
                  | (Kikubaaqudgha gifted it to you on level 6 of the Dungeon)
  5046 | D:6      | Received a gift from Kikubaaqudgha
  5072 | D:6      | Reached XP level 8. HP: 59/62 MP: 10/10
  5145 | D:6      | Reached skill level 1 in Charms
  5427 | D:6      | Noticed Blork the orc
  5518 | D:5      | HP: 3/61 [orc warrior/cursed +0 halberd (18)]
  5930 | D:4      | Learned a level 2 spell: Corpse Rot
  6136 | D:6      | Noticed Dowan
  6168 | D:6      | Reached skill level 5 in Polearms
  6365 | D:7      | Noticed Harold
  6387 | D:7      | Killed Harold
  6388 | D:7      | Reached XP level 9. HP: 48/69 MP: 0/11
  6520 | D:7      | Found a white marble altar of Elyvilon.
  6542 | D:7      | Found a flagged portal.
  6551 | Bailey   | Entered a bailey
  6648 | Bailey   | Reached skill level 1 in Armour
  6877 | Bailey   | Reached skill level 5 in Fighting
  7222 | Bailey   | Got a pair of jewelled gloves
  7233 | Bailey   | Identified the +5 pair of gloves of Polish {MR+ rCorr
                  | Int-5} (You found it in a bailey)
  7436 | D:7      | Found a glowing silver altar of Zin.
  7476 | D:7      | Reached skill level 1 in Evocations
  7691 | D:7      | Reached ** piety under Kikubaaqudgha
  7810 | D:7      | Reached XP level 10. HP: 78/81 MP: 13/13
  7816 | D:7      | Learned a level 4 spell: Animate Dead
  8265 | D:8      | Found Bimeinna's Assorted Antiques.
  8268 | D:8      | Bought a scroll labeled WIUXKU CIMPU for 25 gold pieces
  8268 | D:8      | Bought a scroll labeled FEKIZY IPANUF for 25 gold pieces
  8338 | D:8      | Noticed a two-headed ogre
  8406 | D:8      | Noticed a two-headed ogre
  9117 | D:8      | Killed a two-headed ogre
  9117 | D:8      | Reached skill level 5 in Evocations
  9387 | D:8      | Found a stormy altar of Qazlal.
  9387 | D:8      | Found an ornate altar of the Wu Jian Council.
  9388 | D:8      | Found an iron altar of Okawaru.
  9509 | D:9      | Noticed a two-headed ogre
  9523 | D:9      | Killed a two-headed ogre
  9741 | D:9      | Found a staircase to the Lair.
  9972 | D:9      | Reached XP level 11. HP: 84/89 MP: 14/14
  9982 | D:9      | Found a hazy altar of Hepliaklqana.
 10255 | D:9      | Reached *** piety under Kikubaaqudgha
 10255 | D:9      | Identified Kikubaaqudgha's Collected Works on Black Secrets
                  | (Kikubaaqudgha gifted it to you on level 9 of the Dungeon)
 10255 | D:9      | Received a gift from Kikubaaqudgha
 10732 | D:10     | Entered Level 10 of the Dungeon
 10831 | D:10     | Killed an unseen horror
 11132 | D:10     | Noticed a two-headed ogre
 11150 | D:10     | Killed a two-headed ogre
 11206 | D:10     | Killed an unseen horror
 11358 | D:10     | Learned a level 2 spell: Swiftness
 11433 | D:10     | Reached skill level 1 in Air Magic
 11991 | D:11     | Noticed a green ugly thing
 12009 | D:11     | Killed a green ugly thing
 12024 | D:11     | Noticed a seven-headed hydra
 12037 | D:11     | Killed a seven-headed hydra
 12060 | D:11     | Found a gate leading to a gauntlet.
 12073 | Gauntlet | Entered a Gauntlet
 12073 | Gauntlet | Found a large runed translucent door.
 12073 | Gauntlet | Found a large runed translucent door.
 12073 | Gauntlet | Found a large runed translucent door.
 12073 | Gauntlet | Found a large runed translucent door.
 12073 | Gauntlet | Found a runed translucent door.
 12073 | Gauntlet | Found a large runed translucent door.
 12073 | Gauntlet | Found a large runed translucent door.
 12073 | Gauntlet | Found a transporter.
 12073 | Gauntlet | Found a transporter.
 12073 | Gauntlet | Found a large runed translucent door.
 12073 | Gauntlet | Found a large runed translucent door.
 12073 | Gauntlet | Found a runed translucent gate.
 12073 | Gauntlet | Found a runed translucent gate.
 12073 | Gauntlet | Found a transporter.
 12089 | Gauntlet | Found a transporter.
 12089 | Gauntlet | Noticed a necromancer
 12093 | Gauntlet | Found a transporter.
 12105 | Gauntlet | Noticed a death scarab
 12106 | Gauntlet | Noticed a death scarab
 12107 | Gauntlet | Found a transporter.
 12111 | Gauntlet | Found a transporter.
 12117 | Gauntlet | Noticed a wizard
 12124 | Gauntlet | Found a transporter.
 12124 | Gauntlet | Noticed a wizard
 12142 | Gauntlet | Noticed a fire crab
 12143 | Gauntlet | Found a transporter.
 12160 | Gauntlet | Found a transporter.
 12164 | Gauntlet | Found a transporter.
 12174 | Gauntlet | Found a transporter.
 12180 | Gauntlet | Found a runed translucent gate.
 12181 | Gauntlet | Found a large runed translucent door.
 12181 | Gauntlet | Found a large runed translucent door.
 12182 | Gauntlet | Found a large runed translucent door.
 12183 | Gauntlet | Found a large runed translucent door.
 12184 | Gauntlet | Found a large runed translucent door.
 12184 | Gauntlet | Found a large runed translucent door.
 12184 | Gauntlet | Found a runed translucent door.
 12185 | Gauntlet | Found a large runed translucent door.
 12186 | Gauntlet | Found a large runed translucent door.
 12400 | Gauntlet | Killed a necromancer
 12416 | Gauntlet | Reached skill level 10 in Polearms
 12707 | Gauntlet | Killed a wizard
 12711 | Gauntlet | Killed a wizard
 12711 | Gauntlet | Reached XP level 12. HP: 100/100 MP: 7/15
 12790 | Gauntlet | Noticed a minotaur
 12863 | Gauntlet | Killed a minotaur
 12943 | Gauntlet | Got a smoking helmet
 12948 | Gauntlet | Identified the +2 helmet of the Pink Corner {*Drain rPois
                  | Int+2} (You found it in a Gauntlet)
 13337 | D:11     | Reached skill level 10 in Necromancy
 13607 | D:11     | Reached skill level 5 in Charms
 13616 | D:11     | Reached skill level 1 in Throwing
 14152 | D:12     | Reached **** piety under Kikubaaqudgha
 14284 | D:12     | Found a staircase to the Orcish Mines.
 14291 | D:12     | Found a roughly hewn altar of Beogh.
 14309 | D:12     | Noticed a two-headed ogre
 14324 | D:12     | Killed a two-headed ogre
 15435 | D:12     | Noticed a soul eater
 15439 | D:12     | Noticed a sun demon
 15827 | D:8      | Killed a two-headed ogre
 16102 | D:6      | Killed Blork the orc
 16139 | D:6      | Noticed Duvessa
 16221 | D:6      | Killed Duvessa
 16225 | D:6      | Killed Dowan
 16838 | D:12     | Reached XP level 13. HP: 76/105 MP: 10/16
 16897 | D:13     | Learned a level 1 spell: Summon Butterflies
 16936 | D:12     | Reached skill level 1 in Summonings
 17260 | D:13     | Reached skill level 5 in Air Magic
 17350 | D:13     | You fall into a shaft and drop 2 floors!
 17350 | D:15     | Entered Level 15 of the Dungeon
 17351 | D:15     | Noticed Rupert
 18617 | D:14     | Reached skill level 5 in Throwing
 19303 | D:13     | Found a gate to the Vaults.
 19303 | D:13     | Noticed a vault guard
 19303 | D:13     | Noticed a vault guard
 19303 | D:13     | Noticed a vault guard
 19303 | D:13     | Noticed a vault guard
 19313 | D:13     | Killed a vault guard
 19314 | D:13     | Killed a vault guard
 19315 | D:13     | Reached XP level 14. HP: 111/118 MP: 14/18
 19680 | D:14     | Reached ***** piety under Kikubaaqudgha
 20441 | D:15     | Found a staircase to the Depths.
 20464 | D:15     | Reached skill level 10 in Fighting
 20577 | D:15     | Killed Rupert
 20666 | D:15     | Reached skill level 1 in Axes
 21339 | Depths:1 | Entered Level 1 of the Depths
 21413 | Depths:1 | Found a gateway to Hell.
 21619 | Depths:1 | Reached skill level 5 in Axes
 21681 | Depths:1 | Noticed a stone giant
 21709 | Depths:1 | Killed a stone giant
 21791 | Depths:1 | Noticed a stone giant
 21848 | Depths:1 | Killed a stone giant
 21906 | Depths:1 | Noticed a cyan very ugly thing
 21906 | Depths:1 | Noticed a cyan very ugly thing
 21906 | Depths:1 | Noticed a cyan very ugly thing
 21925 | Depths:1 | Killed a white very ugly thing
 21938 | Depths:1 | Noticed a cyan very ugly thing
 21985 | Depths:1 | Killed a cyan very ugly thing
 21999 | Depths:1 | Killed a brown very ugly thing
 22039 | Depths:1 | Killed a purple very ugly thing
 22133 | Depths:1 | Noticed a stone giant
 22160 | Depths:1 | Killed a stone giant
 22202 | Depths:1 | Reached XP level 15. HP: 89/125 MP: 16/19
 22244 | Depths:1 | Found a one-way gate leading to the halls of Pandemonium.
 22269 | Depths:1 | Noticed a lich
 22280 | Depths:1 | Killed a lich
 22762 | Depths:2 | Reached skill level 10 in Axes
 22969 | Depths:2 | Noticed a frost giant
 23006 | Depths:1 | Killed a frost giant
 23774 | Depths:2 | Found Voqessis's Armour Shop.
 23880 | Depths:2 | Found a one-way gate to the infinite horrors of the Abyss.
 24040 | Depths:2 | Found an ancient bone altar of Kikubaaqudgha.
 24040 | Depths:2 | Noticed an ancient lich
 24068 | Depths:2 | Killed an ancient lich
 24297 | Depths:3 | Noticed a ghost moth
 24297 | Depths:3 | an ettin changed into a ghost moth
 24307 | Depths:3 | Killed a ghost moth
 24307 | Depths:3 | Reached XP level 16. HP: 114/134 MP: 0/20
 24622 | Depths:3 | Found Asiuw's Book Shoppe.
 25001 | D:5      | Bought a potion of agility for 40 gold pieces
 25001 | D:5      | Bought a potion of invisibility for 80 gold pieces
 25001 | D:5      | Bought a potion of ambrosia for 80 gold pieces
 25001 | D:5      | Bought a potion of heal wounds for 50 gold pieces
 25001 | D:5      | Bought a potion of resistance for 100 gold pieces
 25061 | D:8      | Bought a shimmering battleaxe for 287 gold pieces
 25061 | D:8      | Identified the cursed +1 battleaxe "Lokoten" {pain, rPois
                  | Int+2} (You bought it in a shop on level 8 of the Dungeon)
 25436 | Depths:3 | Upgraded the game from 0.25-a0-35-g747a2b3c0c to
                  | 0.25-a0-62-g88673ef095
 25494 | Depths:3 | Found Cuhul's Jewellery Emporium.
 25494 | Depths:3 | Found Pyf Diyrev's Gadget Boutique.
 25532 | Depths:3 | Found Ytatz's Gadget Boutique.
 25668 | Depths:3 | Noticed a tentacled starspawn
 25669 | Depths:3 | Noticed a tentacled starspawn
 25670 | Depths:3 | Found a corrupted altar of Lugonu.
 25670 | Depths:3 | Noticed a tentacled starspawn
 25670 | Depths:3 | Noticed a tentacled starspawn
 25769 | Depths:3 | Found a transporter.
 25769 | Depths:3 | Found a transporter.
 26772 | Depths:4 | Paralysed by a great orb of eyes for 3 turns
 27361 | Depths:4 | Killed from afar by an iron dragon

Levels and vault maps discovered:
D:1:      kennysheep_arrival_forest, layout_rooms,
          minmay_misc_feat_secret_circle
D:2:      layout_basic, lemuel_round_altar, lemuel_doored_altar, first_ration
D:3:      layout_loops_corners, lexackson_kobold_supper, uniq_crazy_yiuf_cottage
D:4:      layout_cave_pools, chequers_temple_overflow_statue_of_worship,
          minmay_temple_entry_stoned_glass
D:5:      layout_loops_cross, grunt_temple_overflow_champion_of_chaos,
          kennysheep_mini, overflow_temple_1_default, serial_shops, shop,
          gammafunk_ghost_split, minmay_statues_item,
          chequers_serial_rivers_small_a
D:6:      layout_cave_pools, minivault_11, uniq_duvessa, uniq_blork_the_orc
D:7:      layout_loops_ring, nicolae_overflow_crystal_walls, basic_altar,
          enter_bailey_8, uniq_harold
D:8:      layout_basic, gammafunk_temple_overflow_claw, serial_shops,
          nicolae_shop_behind_doors, hangedman_little_slice_of_home
D:9:      layout_long_grid, marbit_many_paths, grunt_lair_entry_orc_guard_hut
D:10:     layout_loops_corners, nicolae_lava_and_water
D:11:     layout_long_grid, gauntlet_entry_generic, dk_vineyard_1
D:12:     layout_stronghold, minmay_orc_entry_temple_small
D:13:     layout_gridville, lightli_vaults_fourway_checkpoint,
          minmay_misc_feat_nine_boxes, hangedman_abyss_or_decor_lesser_grid
D:14:     layout_irregular_city
D:15:     grunt_enter_depths_snipers, layout_basic, uniq_rupert
Temple:   dpeg_three_leaves_temple
Depths:1: layout_roguey, hell_entry, chequers_serial_rivers_small_a, pan_entry,
          lemuel_old_faithful
Depths:2: evilmike_negative_zone, layout_basic, hell_entry, serial_shops, shop,
          chequers_serial_rivers_large_a, abyss_entry_crystal, minivault_16,
          infiniplex_staircase_star
Depths:3: gammafunk_corrupted_shrine, layout_honeycomb, enter_ziggurat_c,
          serial_shops, nicolae_shop_stone, pan_entry, kennysheep_another_room,
          hell_entry, minmay_shop_grove, infiniplex_staircase_pool_1
Depths:4: angbandy_vault, layout_honeycomb, minmay_misc_feat_plants,
          grunt_metal_band, abyss_entry_small_statue_room, serial_sigils,
          serial_sigils_hangedman_writhe, serial_sigils_hangedman_gnaw,
          serial_sigils_hangedman_clutch, serial_sigils_hangedman_shear,
          columned_hall_lemuel, wad_floor_pattern_untrapped,
          hangedman_abyss_or_decor_slice, kennysheep_windowed_goal,
          serial_bayou_shore_b, uniq_sojobo

Skill      XL: |  1  2  3  4  5  6  7  8  9 10 11 12 13 14 15 16 |
---------------+-------------------------------------------------+-----
Spellcasting   | 2 3 |  3.0
Polearms       | 1 2 3 7 8 10 11 | 11.9
Necromancy     | 5 6 7 9 10 11 12 13 | 13.0
Dodging        | 2 3 4 |  4.0
Fighting       | 1 2 3 5 7 8 9 10 | 10.0
Charms         | 1 4 5 |  5.0
Armour         | 4 |  4.5
Evocations     | 1 5 6 7 8 |  8.7
Air Magic      | 2 4 5 |  5.0
Throwing       | 3 5 |  5.0
Summonings     | 3 4 |  4.1
Axes           | 7 11 13 | 13.2
Bows           | |  0.7
Stealth        | |  2.1

Action                   |  1- 3 |  4- 6 |  7- 9 | 10-12 | 13-15 | 16-18 || total
-------------------------+-------+-------+-------+-------+-------+-------++-------
Melee: Spear             |    54 |   181 |       |       |       |       ||   235
       Halberd           |       |     1 |   224 |   777 |   641 |    54 ||  1697
       Glaive            |       |       |    11 |       |       |       ||    11
       Battleaxe         |       |       |       |       |   178 |   144 ||   322
 Fire: Shortbow          |       |       |     8 |     4 |       |       ||    12
Throw: Stone             |    19 |    25 |    23 |     9 |    11 |     4 ||    91
       Dart              |       |     1 |    11 |    20 |     7 |       ||    39
       Javelin           |       |       |     2 |    33 |    37 |     1 ||    73
       Boomerang         |       |       |     2 |     5 |       |    30 ||    37
       Throwing net      |       |       |       |       |     3 |     3 ||     6
 Cast: Pain              |    43 |    62 |    21 |       |       |       ||   126
       Animate Skeleton  |     9 |    23 |    16 |    33 |    36 |    10 ||   127
       Vampiric Draining |     2 |     8 |    16 |    16 |    60 |    15 ||   117
       Corpse Rot        |       |       |    10 |    31 |    16 |     7 ||    64
       Regeneration      |       |       |     7 |    41 |    73 |    46 ||   167
       Animate Dead      |       |       |       |    12 |    15 |     6 ||    33
Invok: Receive Corpses   |       |       |     3 |    15 |    18 |     5 ||    41
 Abil: Evoke Flight      |       |       |       |       |     1 |       ||     1
Evoke: Wand              |       |       |     2 |     1 |     3 |     2 ||     8
       Lightning rod     |       |       |       |     3 |     9 |       ||    12
       Sack of spiders   |       |       |       |     1 |     1 |     2 ||     4
       Lamp of fire      |       |       |       |       |       |     1 ||     1
       Phial of floods   |       |       |       |       |       |     1 ||     1
  Use: Scroll            |       |     3 |     6 |    11 |    13 |     5 ||    38
       Potion            |       |       |       |     1 |     2 |       ||     3
 Stab: Sleeping          |     2 |     2 |     3 |     5 |       |       ||    12
       Distracted        |       |       |       |     3 |    10 |     3 ||    16
  Eat: Chunk             |     8 |    10 |    20 |    49 |    96 |    24 ||   207
       Ration            |       |       |       |     2 |     1 |     1 ||     4
Armor: Robe              |     9 |    29 |    18 |       |       |       ||    56
       Leather armour    |       |       |    40 |    49 |       |       ||    89
       Ring mail         |       |       |       |   245 |   389 |    70 ||   704
Dodge: Dodged            |    16 |    90 |   163 |   751 |   730 |   113 ||  1863

Table legend:
 A = Non-vault XP
 B = Vault XP
 C = Vault XP percentage of total XP
 D = Non-vault monster count
 E = Vault monster count
 F = Vault count percentage of total count
                 A         B        C        D         E       F
            +---------+---------+-------+---------+---------+-------
      Total |  130665 |   30635 |  19.0 |     508 |     113 |  18.2
            +---------+---------+-------+---------+---------+-------
        D:1 |      22 |       0 |   0.0 |      14 |       0 |   0.0
        D:2 |     139 |       0 |   0.0 |      15 |       0 |   0.0
        D:3 |     206 |      14 |   6.4 |      43 |       8 |  15.7
        D:4 |     399 |       0 |   0.0 |      25 |       0 |   0.0
        D:5 |     554 |       0 |   0.0 |      12 |       0 |   0.0
        D:6 |     714 |     322 |  31.1 |      19 |       3 |  13.6
        D:7 |     801 |     950 |  54.3 |      26 |       1 |   3.7
        D:8 |    2660 |     261 |   8.9 |      18 |       9 |  33.3
        D:9 |    3419 |     483 |  12.4 |      44 |       5 |  10.2
       D:10 |    3710 |       0 |   0.0 |      19 |       0 |   0.0
       D:11 |    7404 |       0 |   0.0 |      41 |       0 |   0.0
       D:12 |    6502 |     754 |  10.4 |      30 |      14 |  31.8
       D:13 |    6370 |    6178 |  49.2 |      16 |      12 |  42.9
       D:14 |   13834 |       0 |   0.0 |      45 |       0 |   0.0
       D:15 |    7051 |    4920 |  41.1 |      28 |       4 |  12.5
   Depths:1 |   24855 |       0 |   0.0 |      38 |       0 |   0.0
   Depths:2 |   28752 |    8503 |  22.8 |      45 |       8 |  15.1
   Depths:3 |   14235 |       0 |   0.0 |      21 |       0 |   0.0
   Depths:4 |    9038 |    3933 |  30.3 |       9 |       6 |  40.0
     Bailey |       0 |    1087 | 100.0 |       0 |      30 | 100.0
   Gauntlet |       0 |    3230 | 100.0 |       0 |      13 | 100.0
            +---------+---------+-------+---------+---------+-------
